 Dungeon Crawl Stone Soup version 0.28.0-53-g5a82cb258f (webtiles) character file.

Game seed: 14069739322635827452

324 Zeld the Gusty (level 6, 0/32 HPs)
             Began as a Tengu Air Elementalist on June 13, 2022.
             Slain by a kobold brigand
             ... wielding a +0 whip
              (5 damage)
             ... on level 4 of the Dungeon.
             The game lasted 00:03:15 (4574 turns).

Zeld the Gusty (Tengu Air Elementalist)             Turns: 4574, Time: 00:03:16

Health: 0/32       AC:  3    Str:  8    XL:     6   Next: 48%
Magic:  9/13       EV: 14    Int: 18    God:
Gold:   119        SH:  0    Dex: 14    Spells: 3/13 levels left

rFire   + . .      SeeInvis .   f - +2 dagger (drain)
rCold   . . .      Faith    .   (no shield)
rNeg    . . .      Spirit   .   a - +0 robe
rPois   .          Reflect  .   (helmet restricted)
rElec   .          Harm     .   i - +0 cloak
rCorr   .          Rampage  .   (no gloves)
Will    .....      Clarity  +   (boots unavailable)
Stlth   ++........              (no amulet)
HPRegen 0.00/turn               (no ring)
MPRegen 0.13/turn               (no ring)

@: lethally poisoned (0 -> -7), flying quickly and evasively, inhibited regen,
quick
A: beak, talons 3, nimble flight, clarity, fire resistance 1, inhibited
regeneration, noise suppression
a: no special abilities


You were on level 4 of the Dungeon.
You visited 1 branch of the dungeon, and saw 4 of its levels.

You collected 119 gold pieces.

Inventory:

Hand Weapons
 f - a +2 dagger of draining (weapon)
Armour
 a - a +0 robe (worn)
 i - a +0 cloak (worn)
Wands
 j - a wand of digging (11)
 o - a wand of paralysis (6)
 r - a wand of iceblast (15)
Scrolls
 b - 4 scrolls of identify {unknown}
 c - a scroll of magic mapping {unknown}
 e - a scroll of fog {unknown}
 l - 2 scrolls of torment {unknown}
 m - a scroll of amnesia {unknown}
 q - 2 scrolls of teleportation {unknown}
Potions
 d - 2 potions of curing {unknown}
 g - a potion of magic {unknown}
 h - a potion of mutation
 k - a potion of lignification {unknown}
 n - a potion of invisibility {unknown}
 p - a potion of heal wounds {unknown}


   Skills:
 - Level 2.1 Dodging
 - Level 2.0 Stealth
 * Level 4.1 Spellcasting
 + Level 3.8 Conjurations
 * Level 6.6 Air Magic


You had 3 spell levels left.
You knew the following spells:

 Your Spells              Type           Power      Damage    Failure   Level
a - Shock                 Conj/Air       88%        1d8       1%          1
b - Static Discharge      Conj/Air       22%        N/A       2%          2
c - Swiftness             Air            27%        N/A       2%          3
d - Airstrike             Air            13%        N/A       10%         4

Your spell library contained the following spells:

 Spells                   Type           Power      Damage    Failure   Level
 Foxfire                  Conj/Fire      40%        2x1d6     7%          1
 Conjure Flame            Conj/Fire      10%        6-21      21%         3
 Inner Flame              Hex/Fire       3%         N/A       41%         3
 Flame Wave               Conj/Fire      10%        2d5       54%         4
 Iskenderun's Battlesphe  Conj           17%        2d7       63%         5
 Fireball                 Conj/Fire      5%         3d5       88%         5
 Conjure Ball Lightning   Conj/Air       11%        3x3d6     95%         6
 Orb of Destruction       Conj           8%         9d6       100%        7


Dungeon Overview and Level Annotations

Branches:
Dungeon (4/15)
 Temple: D:4-7

Altars:
Ashenzari


Innate Abilities, Weirdness & Mutations

You have a beak for a mouth.
You have claws for feet.
Your magical nature lets you fly swiftly and evasively.
You possess an exceptional clarity of mind.
Your flesh is heat resistant. (rF+)
You do not regenerate when monsters are visible.
You passively dampen the noise of your surroundings.


Message History

You are more poisoned.
You feel very sick.
The kobold brigand hits you with a +0 whip.
You closely miss the kobold brigand. You peck the kobold brigand.
The kobold brigand is lightly wounded.
You feel very sick. The kobold brigand closely misses you.
Casting: Shock (safe; 1% risk of failure)
Confirm with . or Enter, or press ? or * to list all spells.
The kobold brigand is struck by an arc of lightning!
The kobold brigand is moderately wounded.
The plant is struck by an arc of lightning.
The plant begins to die.
The plant is lightly damaged.
The kobold brigand is struck by an arc of lightning!
The kobold brigand is severely wounded.
The lightning grounds out.
You feel very sick.
The kobold brigand hits you with a +0 whip.
* * * LOW HITPOINT WARNING * * *
Unknown command.
Casting: Static Discharge (safe; 2% risk of failure)
Confirm with . or Enter, or press ? or * to list all spells.
The kobold brigand is struck by an arc of lightning.
The kobold brigand is severely wounded.
The lightning grounds out.
The plant is struck by an arc of lightning!
The plant is lightly damaged.
The lightning grounds out.
* * * LOW HITPOINT WARNING * * *
You feel sick. The kobold brigand barely misses you.
Unknown command.
It was a potion of mutation.
You feel extremely strange.
Your regeneration stops near monsters.
Your thoughts seem clearer.
You feel your surroundings grow quieter.
You feel resistant to heat.
* * * LOW HITPOINT WARNING * * *
You feel sick.
The kobold brigand hits you with a +0 whip.
You die...

#.##.#.## #..# #
#.#.## .. #..# #.#.##
#####.## #..# #.#.##
......# #..# #.#.##
#.#..#####..###
#.#.##
#...#....?...##
#.#.##
##.(...P._.P..#
#.#.##
##...##..)..@K.#
.....
#...........?#.# #.#
#.##..######.#....
#<####..########.####
#................#
#######..##########
.........# #######.##
)).)....#


You could see a kobold brigand.

Vanquished Creatures
  2 scorpions (D:4)
  2 iguanas (D:4)
  Ijyb (D:3)
  4 gnolls (D:4)
  3 adders
  A worm (D:3)
  3 dart slugs
  3 orcs (D:3)
  3 ball pythons
  7 endoplasms
  3 giant cockroaches
  7 goblins
  4 hobgoblins
  2 quokkas
  4 bats
  2 frilled lizards (D:1)
  4 kobolds
  6 rats
61 creatures vanquished.

Notes
Turn   | Place    | Note
-------+----------+-------------------------------------------
     0 | D:1      | Zeld the Tengu Air Elementalist began the quest for the
                  | Orb.
     0 | D:1      | Reached XP level 1. HP: 10/10 MP: 4/4
   338 | D:1      | Reached XP level 2. HP: 9/15 MP: 1/6
   504 | D:1      | Learned a level 2 spell: Static Discharge
  1350 | D:2      | Found a faded altar of an unknown god.
  1442 | D:2      | Reached XP level 3. HP: 19/19 MP: 5/7
  1446 | D:2      | Learned a level 3 spell: Swiftness
  2572 | D:3      | Noticed Ijyb
  2580 | D:3      | Reached skill level 5 in Air Magic
  2589 | D:3      | Killed Ijyb
  2590 | D:3      | Reached XP level 4. HP: 11/24 MP: 0/9
  3692 | D:4      | Noticed a scorpion
  3703 | D:4      | Killed a scorpion
  3704 | D:4      | Gained mutation: Your magical nature lets you fly swiftly
                  | and evasively. [Tengu growth]
  3704 | D:4      | Reached XP level 5. HP: 17/28 MP: 3/11
  3709 | D:4      | Learned a level 4 spell: Airstrike
  3916 | D:4      | Reached skill level 6 in Air Magic
  4060 | D:4      | Reached XP level 6. HP: 18/32 MP: 3/12
  4561 | D:4      | Found a broken altar of Ashenzari.
  4574 | D:4      | Gained mutation: You do not regenerate when monsters are
                  | visible. [potion of mutation]
  4574 | D:4      | Gained mutation: You possess an exceptional clarity of
                  | mind. [potion of mutation]
  4574 | D:4      | Gained mutation: You passively dampen the noise of your
                  | surroundings. [potion of mutation]
  4574 | D:4      | Gained mutation: Your flesh is heat resistant. (rF+)
                  | [potion of mutation]
  4574 | D:4      | Slain by a kobold brigand

Illustrated notes

Levels and vault maps discovered:
D:1:      giann_wishing_wells, layout_rooms, dk_noncrumbling_2
D:2:      layout_basic, shapermc_ecumenical_altar_starsandcircs
D:3:      layout_basic, uniq_ijyb
D:4:      layout_loops_ring, kennysheep_orc_sif_temple,
          okawaru_altar_gauntlet_db, zin_angel, mainiacjoe_overflow_tiny_flanked

Skill      XL: |  1  2  3  4  5  6 |
---------------+-------------------+-----
Conjurations   | 2 3 |  3.8
Air Magic      | 5 6 |  6.6
Spellcasting   | 3 4 |  4.1
Dodging        | |  2.1
Stealth        | |  2.0

Action                   |  1- 3 |  4- 6 || total
-------------------------+-------+-------++-------
Melee: Unarmed           |     4 |       ||     4
       Peck              |     3 |     6 ||     9
       Kick              |     1 |     5 ||     6
       Dagger            |     8 |    25 ||    33
 Cast: Shock             |    42 |     6 ||    48
       Static Discharge  |    16 |    22 ||    38
  Use: Potion            |       |     1 ||     1
 Stab: Sleeping          |     2 |     2 ||     4
Armor: Robe              |     2 |     7 ||     9
Dodge: Dodged            |    18 |    21 ||    39
